Map: Korhal Carnage Knockout LE

Players

Miszu

  • Race: Terran Terran
  • League: Master

MightyThor - Winner!

  • Race: Protoss Protoss
  • League: Grandmaster

VOD

Have the link to the VOD?

Description

Time

  • Played on: April 18, 2016, 1:55 p.m.
  • Length: 19:03
Show
View Real Time Build Order
Export as new Build Order

Miszu Terran 

Build Orders: Bio Mine 

Get SALT Encoding   

  12  0:01  SCV  
  13  0:13  SCV  
  14  0:17  Supply Depot  
  14  0:25  SCV  
  15  0:39  SCV  
  15  0:41  Barracks  
  16  0:51  SCV  
  17  1:03  SCV  
  18  1:15  Command Center  
  18  1:18  SCV  
  19  1:31  Marine  
  19  1:32  Orbital Command  
  20  1:40  Supply Depot  
  20  1:48  Marine  
  21  1:58  SCV  
  22  2:04  Barracks  
  22  2:06  Marine  
  23  2:15  SCV  
  23  2:17  Barracks  
  24  2:24  Marine  
  24  2:27  Orbital Command  
  24  2:28  SCV  
  26  2:31  Refinery  
  26  2:32  Refinery  
  26  2:40  SCV  
  26  2:42  Marine  
  28  2:52  Marine, SCV  
  28  2:54  SCV  
  31  3:02  Marine  
  31  3:04  Barracks Tech Lab, SCV  
  33  3:06  SCV  
  33  3:09  Marine  
  33  3:11  Supply Depot  
  35  3:16  SCV  
  35  3:18  SCV  
  35  3:19  Marine  
  37  3:22  Marine  
  37  3:23  Stimpack  
  39  3:28  SCV  
  39  3:29  Marine  
  39  3:30  SCV  
  39  3:33  Supply Depot  
  42  3:40  SCV  
  43  3:42  Marine x2, SCV  
  43  3:44  Factory  
  43  3:47  Refinery  
  46  3:49  Marine  
  46  3:52  SCV  
  46  3:54  SCV  
  49  3:58  Engineering Bay  
  49  4:04  SCV  
  49  4:05  Supply Depot, Marine x2  
  49  4:06  SCV  
  53  4:10  Marine  
  53  4:16  SCV  
  55  4:18  SCV  
  57  4:25  Terran Infantry Weapons Level 1, Missile Turret  
  57  4:28  Missile Turret  
  57  4:29  SCV  
  57  4:30  Starport, SCV  
  59  4:32  Factory Reactor  
  59  4:33  Barracks Reactor  
  59  4:34  Barracks Tech Lab  
  58  4:40  Barracks  
  58  4:41  SCV  
  58  4:43  Barracks  
  59  4:47  SCV  
  59  4:51  Refinery  
  61  4:53  SCV  
  61  4:54  Combat Shields  
  61  4:58  Marauder  
  61  4:59  Marauder  
  66  5:00  SCV  
  66  5:07  Missile Turret  
  66  5:16  SCV x2  
  66  5:19  Reaper  
  69  5:23  Marine  
  70  5:29  Supply Depot  
  70  5:30  Factory Reactor  
  70  5:33  Supply Depot  
  70  5:34  Supply Depot  
  70  5:37  Barracks Reactor, Barracks Tech Lab  
  70  5:40  Supply Depot  
  70  5:49  Concussive Shells  
  70  5:50  Marine, Medivac x2, SCV  
  70  5:51  Marauder  
  70  5:54  Marine  
  70  5:55  Marauder  
  70  5:56  Supply Depot  
  81  5:57  Marauder  
  83  6:04  Supply Depot  
  83  6:08  Marine  
  84  6:15  Marine x3, Marauder  
  84  6:16  Marauder, Widow Mine x2  
  95  6:20  Medivac x2  
  99  6:30  Supply Depot  
  99  6:31  Command Center  
  99  6:33  Marine  
  99  6:37  Marine, Marauder  
  99  6:38  Marine  
  106  6:46  Marine  
  109  6:47  Marauder, Widow Mine x2  
  109  6:50  Terran Infantry Armor Level 1  
  111  6:55  Engineering Bay  
  111  6:58  Armory  
  111  7:03  Marine x3, Marauder  
  111  7:08  Marine, Marauder  
  118  7:12  Marauder  
  120  7:25  Marauder  
  120  7:26  Marine, Widow Mine  
  125  7:38  Supply Depot  
  125  7:39  Marine  
  125  7:40  Supply Depot  
  125  7:42  Medivac, Widow Mine  
  125  7:43  Marauder x2  
  134  7:47  Marine  
  134  7:48  Marauder  
  135  8:05  Marauder  
  133  8:09  Marauder x2  
  132  8:21  Marine, Widow Mine x2  
  132  8:22  Medivac x2  
  132  8:23  Marine  
  132  8:24  Marine x2  
  132  8:26  Marauder  
  140  8:30  Marauder  
  140  8:31  Marauder  
  134  8:39  Marine  
  134  8:40  Orbital Command  
  134  8:41  Marine x2, Terran Infantry Weapons Level 2  
  133  8:42  Marine  
  133  8:44  Terran Infantry Armor Level 2  
  133  8:46  SCV  
  133  8:47  Marine, SCV  
  139  8:51  Marine  
  139  8:52  Marine, Medivac  
  143  8:56  Marine  
  143  8:59  Marine  
  145  9:06  Marauder  
  147  9:10  Marauder  
  147  9:15  Marine, Marauder, Widow Mine  
  147  9:16  Hellion  
  156  9:24  Marine  
  157  9:33  Marine, Marauder  
  157  9:34  Marine  
  157  9:35  Marine, Marauder  
  157  9:36  Widow Mine  
  157  9:37  Marauder  
  147  9:42  Marine  
  129  9:49  Orbital Command  
  129  9:50  Marine  
  129  9:52  Marine  
  130  9:55  Marine, Marauder  
  130  9:56  Medivac, Marauder, Widow Mine  
  130  9:58  Marauder  
  138  10:05  SCV x2  
  137  10:09  Marine  
  134  10:16  Marauder  
  134  10:17  Marine x2  
  134  10:18  Marine, Marauder, Widow Mine  
  134  10:19  Marauder  
  138  10:37  Marauder  
  138  10:38  Marine  
  138  10:39  Marine x3, Marauder  
  138  10:41  Marauder  
  148  10:47  Factory  
  148  10:56  Marine  
  149  10:57  Marine, Building Armor  
  149  10:59  Marauder, Widow Mine x2  
  156  11:06  Barracks  
  156  11:10  Terran Infantry Weapons Level 3  
  157  11:26  Marauder  
  156  11:33  Medivac, Factory Tech Lab  
  156  11:40  Medivac  
  156  11:41  Widow Mine  
  156  11:43  Marauder, Widow Mine  
  155  11:50  SCV x2  
  140  12:03  Medivac  
  140  12:04  Marine x5, Marauder  
  140  12:05  Marine  
  150  12:10  Medivac  
  150  12:11  Drilling Claws  
  152  12:22  Marine  
  153  12:23  Marauder  
  153  12:26  Marauder, Barracks, Command Center  
  153  12:28  Barracks  
  153  12:29  Barracks  
  157  12:30  Barracks Tech Lab  
  157  12:45  Marine x2  
  157  12:47  Widow Mine  
  157  12:48  Marauder, Widow Mine  
  157  12:50  Marine  
  157  12:53  Marine x2  
  157  12:55  Marine  
  156  12:58  Widow Mine  
  156  13:01  Marauder  
  156  13:03  Marine x2  
  152  13:07  Marine  
  152  13:08  Medivac x2  
  152  13:10  Marauder  
  152  13:11  Marauder  
  157  13:22  Barracks Tech Lab  
  157  13:23  Barracks Reactor  
  157  13:24  Barracks Tech Lab  
  157  13:26  Supply Depot  
  157  13:29  Marine, Marauder x2, Widow Mine  
  157  13:34  Marauder  
  165  13:38  Marine, Marauder  
  168  13:47  Marine, Marauder  
  166  13:50  SCV  
  166  13:51  Marauder x2  
  166  13:54  Marine, Marauder  
  166  13:55  Marauder  
  166  14:00  Marauder  
  158  14:08  Marine x3  
  158  14:09  Marauder  
  144  14:16  Marauder  
  142  14:18  Marine  
  142  14:20  Marine  
  137  14:30  Marauder  
  132  14:40  Marauder  
  132  14:41  Marauder  
  129  14:47  Marauder  
  72  15:22  Medivac x2  
  68  15:54  Orbital Command  
  68  16:02  Medivac x2  
  68  16:56  Marine  
  68  16:57  Marine  
  67  17:04  Marine  
  67  17:05  Marine  
  69  17:08  Marine  
  69  17:10  Marine  
  69  17:12  Marine  
  72  17:17  Marine  
  72  17:18  Marine  
  48  17:37  Widow Mine  
  48  17:38  Widow Mine  
  48  17:39  Marine  
  48  17:40  Marine x2  
  53  17:48  Medivac x2  
  53  17:50  Marine  
  58  18:03  Marine  
  58  18:04  Marine x4  
  63  18:08  Widow Mine  
  63  18:30  Marine x6  
Show
View Real Time Build Order
Export as new Build Order

MightyThor Protoss - Winner!

Build Orders: 1 Gate Expand, Blink Stalkers, Dark Templar Rush 

Get SALT Encoding   

  12  0:01  Probe (Chrono Boost)  
  13  0:12  Probe (Chrono Boost)  
  14  0:19  Pylon  
  14  0:22  Probe (Chrono Boost)  
  15  0:37  Probe (Chrono Boost)  
  15  0:39  Gateway  
  16  0:48  Probe (Chrono Boost)  
  17  0:58  Probe (Chrono Boost)  
  18  1:10  Nexus  
  18  1:14  Probe (Chrono Boost)  
  18  1:18  Assimilator  
  19  1:23  Assimilator  
  19  1:26  Probe (Chrono Boost)  
  20  1:37  Cybernetics Core  
  20  1:38  Probe (Chrono Boost)  
  21  1:46  Pylon  
  21  1:50  Probe (Chrono Boost)  
  22  2:01  Probe (Chrono Boost)  
  23  2:11  Probe (Chrono Boost)  
  23  2:16  Stalker, Warp Gate  
  23  2:22  Probe (Chrono Boost)  
  26  2:26  Twilight Council  
  26  2:29  Probe (Chrono Boost)  
  27  2:33  Probe (Chrono Boost)  
  28  2:39  Probe (Chrono Boost)  
  28  2:43  Probe (Chrono Boost)  
  30  2:47  Pylon  
  30  2:50  Probe (Chrono Boost)  
  31  2:54  Probe (Chrono Boost)  
  31  2:57  Stalker  
  34  3:00  Probe (Chrono Boost)  
  34  3:04  Probe (Chrono Boost)  
  36  3:08  Dark Shrine  
  36  3:11  Probe (Chrono Boost)  
  37  3:15  Probe (Chrono Boost)  
  38  3:23  Probe (Chrono Boost)  
  39  3:27  Blink (Chrono Boost), Assimilator  
  39  3:29  Assimilator  
  39  3:30  Probe (Chrono Boost)  
  39  3:32  Probe  
  41  3:42  Probe  
  41  3:43  Probe  
  43  3:52  Gateway  
  43  3:53  Probe  
  43  3:54  Probe  
  45  3:56  Gateway  
  45  3:59  Pylon  
  45  4:03  Mothership Core  
  45  4:06  Probe  
  50  4:13  Pylon  
  48  4:18  Robotics Facility, Probe  
  48  4:22  Probe  
  50  4:30  Probe  
  51  4:36  Dark Templar  
  53  4:43  Probe  
  54  4:48  Probe  
  54  4:50  Nexus  
  55  4:54  Dark Templar  
  55  4:57  Stalker  
  59  5:04  Probe  
  59  5:06  Probe  
  59  5:14  Stalker  
  59  5:20  Probe  
  63  5:21  Observer (Chrono Boost)  
  63  5:23  Gateway  
  63  5:24  Gateway  
  63  5:25  Resonating Glaives  
  63  5:28  Sentry, Gateway  
  65  5:29  Sentry, Gateway  
  65  5:30  Probe  
  65  5:31  Gateway  
  65  5:34  Probe  
  69  5:43  Pylon  
  69  5:44  Pylon  
  69  5:47  Observer (Chrono Boost), Pylon  
  70  5:59  Pylon  
  70  6:03  Stalker x3  
  76  6:06  Observer (Chrono Boost)  
  76  6:11  Probe x2  
  77  6:12  Probe  
  80  6:19  Pylon  
  80  6:23  Probe x2  
  86  6:25  Immortal (Chrono Boost)  
  86  6:33  Stalker x2  
  86  6:34  Stalker  
  86  6:35  Adept x2  
  96  6:40  Adept  
  96  6:41  Adept x2  
  96  6:44  Probe x2  
  104  6:52  Probe  
  105  6:55  Adept x2  
  105  6:56  Probe  
  105  6:58  Adept x2  
  111  7:11  Pylon x2  
  111  7:13  Pylon  
  111  7:18  Pylon  
  111  7:20  Pylon  
  111  7:26  Pylon  
  111  7:29  Probe x2  
  115  7:30  Pylon, Warp Prism (Chrono Boost), Probe  
  115  7:33  Assimilator  
  115  7:35  Assimilator  
  116  7:37  Forge  
  116  7:39  Forge  
  116  7:42  Probe  
  115  8:10  Adept x2  
  115  8:11  Adept x3, Stalker  
  115  8:12  Stalker  
  107  8:37  Nexus  
  107  8:40  Protoss Ground Weapons Level 1 (Chrono Boost)  
  107  8:41  Protoss Ground Armor Level 1 (Chrono Boost)  
  107  8:49  Immortal  
  107  8:51  Stalker  
  107  8:52  Stalker x3  
  119  8:57  Adept  
  119  8:58  Adept x3  
  119  9:02  Pylon  
  127  9:03  Pylon  
  127  9:04  Pylon, Probe x2  
  129  9:13  Charge, Templar Archives  
  129  9:32  Dark Templar x4  
  129  9:33  Zealot x3  
  127  9:47  Immortal  
  131  9:59  Probe  
  132  10:03  Pylon  
  130  10:08  Pylon  
  128  10:21  Adept x2  
  128  10:22  Adept x2  
  128  10:25  Probe  
  128  10:26  Probe  
  128  10:27  Probe  
  129  10:39  Probe x2  
  129  10:41  Probe  
  129  10:42  Protoss Ground Armor Level 2 (Chrono Boost)  
  131  10:44  Photon Cannon  
  131  10:46  Psionic Storm, Observer  
  133  10:51  Probe  
  133  10:53  Probe  
  133  10:54  Photon Cannon  
  133  10:56  Protoss Ground Weapons Level 2 (Chrono Boost)  
  135  10:59  High Templar x4  
  135  11:01  Pylon x2  
  143  11:12  Adept x4  
  143  11:15  Adept x3  
  143  11:16  Adept  
  143  11:18  Immortal  
  147  11:40  Zealot x3  
  147  11:41  Zealot x5  
  133  11:57  Immortal, Probe  
  133  11:58  Probe x2  
  135  12:02  Pylon  
  135  12:06  Pylon  
  135  12:07  Mothership Core  
  135  12:09  Pylon  
  135  12:11  Pylon  
  135  12:15  Pylon  
  136  12:24  Photon Cannon  
  136  12:28  High Templar x5  
  146  12:32  Zealot x2  
  150  12:48  Dark Templar  
  138  12:56  Dark Templar  
  138  12:57  Dark Templar, Nexus  
  128  13:04  Probe  
  128  13:05  Probe x2  
  128  13:11  Photon Cannon  
  129  13:17  High Templar  
  131  13:22  Zealot x5  
  131  13:25  Probe  
  131  13:26  Probe x2, Photon Cannon  
  144  13:37  Zealot x2  
  134  14:14  Immortal  
  134  14:16  High Templar x4  
  144  14:32  Dark Templar x2  
  144  14:36  Zealot x2  
  118  15:02  Archon  
  91  15:18  Immortal  
  95  15:22  Dark Templar  
  97  15:31  Nexus  
  97  15:33  High Templar  
  97  16:04  Immortal  
  97  16:07  High Templar  
  103  16:15  Pylon  
  103  16:21  Probe  
  103  16:29  Pylon, Zealot x3  
  103  16:30  Zealot x3  
  115  16:33  Probe  
  101  17:10  High Templar x2  
  101  17:14  Zealot  
  107  17:20  Probe  
  107  17:21  Probe  
  99  17:33  Archon  
  87  17:47  Zealot x2  
  91  17:55  Probe x2  
Tags
 
Add a new tag
Caveats
  • Supply blocks, unpowered buildings, or Contaminate may cause inaccurate times.
  • Supply counts are checked every 10 seconds.